 Dungeon Crawl Stone Soup version 0.22-a0-608-g8a62e23 (webtiles) character file.

32 digijack the Magician (level 3, -1/25 HPs)
             Began as a Gnoll Wizard on July 9, 2018.
             Was an Initiate of Qazlal.
             Slain by an adder (3 damage)
             ... on level 2 of the Dungeon.
             The game lasted 00:08:11 (1271 turns).

digijack the Magician (Gnoll Wizard)                Turns: 1271, Time: 00:08:12

Health: -1/25      AC:  4    Str: 11    XL:     3   Next: 25%
Magic:  1/11       EV: 14    Int: 21    God:    Qazlal [......]
Gold:   53         SH:  0    Dex: 13    Spells: 11/16 levels left

rFire    . . .     SeeInvis +   (no weapon)
rCold    . . .     Gourm    .   (no shield)
rNeg     . . .     Faith    .   a - +0 robe
rPois    .         Spirit   .   b - +0 hat
rElec    .         Reflect  .   (no cloak)
rCorr    .         Harm     .   (no gloves)
MR       .....                  (no boots)
Stlth    +++.......             (no amulet)
HPRegen  0.08/turn              e - ring of see invisible
MPRegen  0.12/turn              f - ring of wizardry

@: lethally poisoned (-1 -> -5)
A: distributed training, fangs 1, iridescent scales 1, strong 1, strong nose
a: Renounce Religion


You were on level 2 of the Dungeon.
You worshipped Qazlal.
Qazlal was noncommittal.
You were not hungry.

You visited 1 branch of the dungeon, and saw 2 of its levels.

You collected 53 gold pieces.

Inventory:

Armour
 a - a +0 robe (worn)
 b - a +0 hat (worn)
Jewellery
 e - a ring of see invisible (left hand)
 f - a ring of wizardry (right hand)
Scrolls
 c - 2 scrolls of identify
Potions
 g - a potion of curing
Comestibles
 d - 6 rations
 h - 2 chunks of flesh


   Skills:
 + Level 0.6 Fighting
 + Level 0.6 Short Blades
 + Level 0.6 Long Blades
 + Level 0.6 Axes
 + Level 0.6 Maces & Flails
 + Level 0.6 Polearms
 + Level 0.6 Staves
 + Level 0.6 Slings
 + Level 0.6 Bows
 + Level 0.6 Crossbows
 + Level 0.6 Throwing
 + Level 0.6 Armour
 + Level 4.5 Dodging
 + Level 4.1 Stealth
 + Level 0.6 Shields
 + Level 0.6 Unarmed Combat
 + Level 7.1 Spellcasting
 + Level 2.1 Conjurations
 + Level 0.4 Hexes
 + Level 0.4 Charms
 + Level 2.1 Summonings
 + Level 0.4 Necromancy
 + Level 2.1 Translocations
 + Level 0.4 Transmutations
 + Level 0.4 Fire Magic
 + Level 0.4 Ice Magic
 + Level 0.4 Air Magic
 + Level 0.4 Earth Magic
 + Level 0.4 Poison Magic
 + Level 0.8 Invocations
 + Level 0.6 Evocations


You had 11 spell levels left.
You knew the following spells:

 Your Spells              Type           Power        Failure   Level  Hunger
a - Magic Dart            Conj           ###.         1%          1    None
b - Call Imp              Summ           ###.....     2%          2    None
c - Blink                 Tloc           N/A          2%          2    None

Your spell library contained the following spells:

 Spells                   Type           Power        Failure   Level  Hunger
 Conjure Flame            Conj/Fire      ##......     6%          3    None
 Slow                     Hex            #.......     4%          2    None
 Mephitic Cloud           Conj/Pois/Air  ##......     7%          3    None


Dungeon Overview and Level Annotations

Branches:
Dungeon (2/15)

Altars:
Qazlal


Innate Abilities, Weirdness & Mutations

Your experience applies equally to all skills.
You have very sharp teeth.
Your uncanny sense of smell can sniff out nearby items.
You are partially covered in iridescent scales. (AC +2)
Your muscles are strong. (Str +2)


Message History

You are more poisoned.
The adder poisons you!
You feel sick. The adder barely misses you.
You feel sick.
You feel sick. The adder bites you.
* * * LOW HITPOINT WARNING * * *
* * * LOW HITPOINT WARNING * * *
You feel sick. The adder barely misses you. The adder closely misses you.
* * * LOW HITPOINT WARNING * * *
You feel sick. The adder completely misses you. The adder barely misses you.
The adder bites you but does no damage. The adder closely misses you.
* * * LOW HITPOINT WARNING * * *
You feel sick. The adder bites you but does no damage. The adder bites you.
* * * LOW HITPOINT WARNING * * *
The adder misses you. The adder bites you.
You die...

## ...## #.#
...>#.##.## ...##.....#
..8#####w.# #..# # ###
### #..# .###.###.# #.#
#..#
.........###.####..####
.......@S..w..........#
.###......##.####.#####
#####....... ..#
#.###.###### #.# #.#
... ... ##.# #.# #.#
#.#


You could see a worm and an adder.

Vanquished Creatures
  An adder (D:2)
  A leopard gecko (D:2)
  3 giant cockroaches
  3 goblins
  4 hobgoblins
  2 bats
  A frilled lizard (D:1)
  3 kobolds (D:1)
  3 rats
21 creatures vanquished.

Vanquished Creatures (others)
  4 toadstools (D:1)
4 creatures vanquished.

Grand Total: 25 creatures vanquished

Notes
Turn   | Place    | Note
-------+----------+-------------------------------------------
     0 | D:1      | digijack the Gnoll Wizard began the quest for the Orb.
     0 | D:1      | Reached XP level 1. HP: 13/13 MP: 8/8
   165 | D:1      | Reached XP level 2. HP: 19/19 MP: 8/10
   500 | D:1      | Learned a level 2 spell: Call Imp
   503 | D:1      | Learned a level 2 spell: Blink
   811 | D:2      | Found a stormy altar of Qazlal.
   812 | D:2      | Noticed a fire elemental
   814 | D:2      | Noticed an air elemental
   814 | D:2      | Noticed a water elemental
   814 | D:2      | Noticed an earth elemental
   819 | D:2      | Became a worshipper of Qazlal Stormbringer
   858 | D:2      | Reached XP level 3. HP: 20/25 MP: 4/11
  1208 | D:2      | Gained mutation: Your muscles are strong. (Str +2) [potion of mutation]
  1208 | D:2      | Gained mutation: You are partially covered in iridescent scales. (AC +2) [potion of mutation]
  1271 | D:2      | Slain by an adder

Vault maps used:
D:1:      ldierk_water_garden
D:2:      nicolae_overflow_hidden_temple, nicolae_qazlal_style_of_elements

Skill      XL: |  1 |
---------------+----+-----
Conjurations   | 2 |  2.1
Summonings     | 2 |  2.1
Translocations | 2 |  2.1
Fighting       | |  0.6
Short Blades   | |  0.6
Long Blades    | |  0.6
Axes           | |  0.6
Maces & Flails | |  0.6
Polearms       | |  0.6
Staves         | |  0.6
Slings         | |  0.6
Bows           | |  0.6
Crossbows      | |  0.6
Throwing       | |  0.6
Armour         | |  0.6
Dodging        | |  4.5
Stealth        | |  4.1
Shields        | |  0.6
Unarmed Combat | |  0.6
Spellcasting   | |  7.1
Hexes          | |  0.4
Charms         | |  0.4
Necromancy     | |  0.4
Transmutations | |  0.4
Fire Magic     | |  0.4
Ice Magic      | |  0.4
Air Magic      | |  0.4
Earth Magic    | |  0.4
Poison Magic   | |  0.4
Invocations    | |  0.8
Evocations     | |  0.6

Action                   || total
-------------------------++-------
Melee: Unarmed           ||     2
 Cast: Magic Dart        ||    65
       Call Imp          ||     1
  Use: Scroll            ||     6
       Potion            ||     2
  Eat: Chunk             ||     1
Armor: Robe              ||     5
Dodge: Dodged            ||    17

Table legend:
 A = Spawn XP
 B = Non-spawn XP
 C = Spawn XP percentage of total XP
 D = Spawn monster count
 E = Non-spawn monster count
 F = Spawn count percentage of total count
 G = Total turns spent on level
                    A         B        C        D         E        F      G
               +---------+---------+-------+---------+---------+-------+---------
         Total |       0 |      46 |   0.0 |       0 |      21 |   0.0 |  1271
               +---------+---------+-------+---------+---------+-------+---------
           D:1 |       0 |      19 |   0.0 |       0 |      13 |   0.0 |   759
           D:2 |       0 |      27 |   0.0 |       0 |       8 |   0.0 |   512
               +---------+---------+-------+---------+---------+-------+---------
